General information
- name: BNet
- type: Ladder team game (AT/RT)
- host: Battle.net
- saver: SLEEPTRAINOWNED
map: TwilightRuins
- players: 8
- length: 34:51
- speed: Fast
- version: 1.28 W3XP
- replay type: Public
» download(295 KB)
Players
team 1 (winner)
eat.sleep.train (
pink | 193 APM | 6732 actions | 34:50)
4 Archmage
2 Blizzard
2 Brilliance Aura
3 Blood Mage
2 Flame Strike
1 Siphon Mana
8 Paladin
3 Holy Light
2 Divine Shield
1 Resurrection
2 Devotion Aura
» actions
| Assign group hotkey | 234 | |
| Basic commands | 513 | |
| Build / train | 106 | |
| Enter build submenu | 37 | |
| Enter hero's abilities submenu | 17 | |
| Give item / drop item | 2 | |
| Remove unit from queue | 2 | |
| Right click | 2280 | |
| Select / deselect | 678 | |
| Select group hotkey | 2652 | |
| Use ability | 211 | |
6732 total
» units
| Peasant | 16 | |
| Footman | 8 | |
| Goblin Shredder | 2 | |
| Spell Breaker | 4 | |
| Priest | 1 | |
| Siege Engine | 6 | |
| Sorceress | 3 | |
| Flying Machine | 1 | |
41 total
» upgrades
| Defend | 1 | |
| Masonry | 3 | |
| Plating | 2 | |
| Barrage | 1 | |
| Priest Training | 2 | |
| Gunpowder | 2 | |
| Flak Cannons | 1 | |
12 total
» buildings
| Lumber Mill | 1 | |
| Farm | 20 | |
| Altar of Kings | 1 | |
| Barracks | 1 | |
| Scout Tower | 7 | |
| Arcane Tower | 9 | |
| Guard Tower | 6 | |
| Town Hall | 2 | |
| Arcane Vault | 1 | |
| Keep | 1 | |
| Blacksmith | 2 | |
| Castle | 2 | |
| Workshop | 4 | |
| Arcane Sanctum | 2 | |
59 total
» build order
00:29 Lumber Mill
00:45 Farm
00:49 Altar of Kings
01:05 Farm
01:06 Barracks
02:07 Scout Tower
02:13 Farm
02:36 Arcane Tower
02:36 Arcane Tower
02:56 Farm
04:40 Scout Tower
04:40 Scout Tower
05:13 Guard Tower
05:18 Town Hall
05:22 Scout Tower
05:23 Scout Tower
05:32 Scout Tower
05:40 Scout Tower
05:51 Arcane Vault
05:57 Guard Tower
05:58 Guard Tower
06:02 Arcane Tower
06:02 Arcane Tower
06:40 Arcane Tower
06:40 Arcane Tower
07:10 Keep
07:11 Guard Tower
07:53 Blacksmith
08:16 Blacksmith
08:31 Farm
08:32 Farm
08:33 Farm
08:33 Farm
08:34 Farm
08:37 Farm
08:39 Farm
08:40 Farm
08:40 Farm
08:41 Farm
09:44 Castle
09:56 Workshop
09:58 Arcane Sanctum
10:22 Arcane Sanctum
10:26 Workshop
10:32 Workshop
10:48 Workshop
11:25 Farm
11:26 Farm
23:34 Town Hall
26:39 Farm
27:14 Farm
28:08 Farm
28:49 Farm
» items
| Staff of Teleportation | 1 | |
| Scroll of Regeneration | 2 | |
| Scroll of Town Portal | 5 | |
| Potion of Healing | 1 | |
| Lesser Clarity Potion | 1 | |
| Staff of Sanctuary | 1 | |
11 total

»
Mika_kun (
purple | 27 APM | 933 actions | 34:50)
5 Archmage
3 Summon Water Elemental
2 Blizzard
» actions
| Basic commands | 5 | |
| Build / train | 78 | |
| Enter build submenu | 34 | |
| Enter hero's abilities submenu | 5 | |
| Give item / drop item | 1 | |
| Right click | 433 | |
| Select / deselect | 310 | |
| Use ability | 67 | |
933 total
» units
| Peasant | 14 | |
| Footman | 4 | |
| Rifleman | 19 | |
| Mortar Team | 5 | |
| Flying Machine | 10 | |
52 total
» upgrades
| Long Rifles | 1 | |
| Armor | 3 | |
| Gunpowder | 1 | |
| Masonry | 2 | |
| Plating | 1 | |
8 total
» buildings
| Farm | 12 | |
| Altar of Kings | 1 | |
| Lumber Mill | 1 | |
| Barracks | 2 | |
| Blacksmith | 1 | |
| Keep | 1 | |
| Workshop | 1 | |
| Arcane Vault | 1 | |
| Castle | 1 | |
| Scout Tower | 11 | |
| Guard Tower | 5 | |
| Town Hall | 3 | |
40 total
» build order
00:05 Farm
00:07 Altar of Kings
00:42 Farm
01:16 Lumber Mill
01:23 Barracks
01:44 Farm
02:25 Blacksmith
02:34 Farm
03:16 Keep
03:51 Farm
05:20 Barracks
06:13 Workshop
07:04 Arcane Vault
07:24 Farm
08:27 Farm
08:31 Farm
09:09 Farm
09:11 Farm
09:14 Castle
10:05 Farm
10:16 Scout Tower
10:21 Farm
13:38 Scout Tower
13:39 Scout Tower
14:59 Guard Tower
16:06 Scout Tower
16:08 Scout Tower
16:48 Guard Tower
17:33 Town Hall
17:37 Scout Tower
18:36 Scout Tower
19:06 Guard Tower
19:08 Scout Tower
19:36 Scout Tower
19:41 Scout Tower
20:13 Guard Tower
20:20 Guard Tower
23:53 Town Hall
24:01 Scout Tower
28:03 Town Hall
» items
| Scroll of Regeneration | 2 | |
| Lesser Clarity Potion | 2 | |
| Potion of Healing | 1 | |
5 total
SLEEPTRAINOWNED (
red | 59 APM | 2062 actions | 34:51)
9 Blood Mage
3 Banish
3 Flame Strike
1 Summon Phoenix
2 Siphon Mana
» actions
| Assign group hotkey | 74 | |
| Basic commands | 53 | |
| Build / train | 88 | |
| Enter build submenu | 28 | |
| Enter hero's abilities submenu | 9 | |
| Give item / drop item | 1 | |
| Right click | 772 | |
| Select / deselect | 314 | |
| Select group hotkey | 519 | |
| Use ability | 204 | |
2062 total
» units
» upgrades
| Masonry | 3 | |
| Lumber Harvesting | 1 | |
| Sorceress Training | 2 | |
6 total
» buildings
| Altar of Kings | 2 | |
| Farm | 9 | |
| Lumber Mill | 1 | |
| Scout Tower | 13 | |
| Arcane Tower | 2 | |
| Guard Tower | 9 | |
| Arcane Vault | 2 | |
| Keep | 1 | |
| Arcane Sanctum | 2 | |
| Castle | 1 | |
| Town Hall | 1 | |
43 total
» build order
00:07 Altar of Kings
00:22 Farm
00:37 Lumber Mill
01:09 Farm
01:50 Scout Tower
01:55 Scout Tower
02:22 Arcane Tower
02:22 Arcane Tower
02:28 Scout Tower
02:29 Guard Tower
02:35 Scout Tower
03:00 Guard Tower
03:09 Guard Tower
03:19 Farm
03:26 Arcane Vault
03:36 Keep
04:50 Scout Tower
04:52 Scout Tower
05:11 Farm
05:28 Guard Tower
05:31 Scout Tower
05:44 Farm
05:58 Arcane Sanctum
06:42 Guard Tower
07:54 Castle
09:05 Scout Tower
09:06 Scout Tower
09:47 Guard Tower
10:31 Farm
10:34 Farm
11:23 Arcane Vault
12:00 Scout Tower
12:01 Scout Tower
14:04 Scout Tower
14:04 Scout Tower
14:48 Guard Tower
14:51 Arcane Sanctum
16:34 Farm
17:18 Farm
28:27 Town Hall
34:46 Altar of Kings
» items
| Scroll of Regeneration | 2 | |
| Potion of Invisibility | 3 | |
| Potion of Lesser Invulnerability | 2 | |
| Staff of Teleportation | 1 | |
| Lesser Clarity Potion | 2 | |
| Potion of Mana | 8 | |
| Scroll of Town Portal | 5 | |
23 total
Daddy_Needs_It (
orange | 61 APM | 2122 actions | 34:50)
7 Archmage
3 Summon Water Elemental
2 Brilliance Aura
1 Mass Teleport
1 Blizzard
» actions
| Assign group hotkey | 21 | |
| Basic commands | 188 | |
| Build / train | 85 | |
| ESC pressed | 8 | |
| Enter build submenu | 58 | |
| Enter hero's abilities submenu | 7 | |
| Give item / drop item | 1 | |
| Right click | 789 | |
| Select / deselect | 442 | |
| Select group hotkey | 459 | |
| Use ability | 64 | |
2122 total
» units
| Peasant | 19 | |
| Gryphon Rider | 15 | |
| Flying Machine | 3 | |
37 total
» upgrades
| Masonry | 3 | |
| Lumber Harvesting | 2 | |
| Swords | 3 | |
| Storm Hammers | 1 | |
| Armor | 3 | |
| Flak Cannons | 1 | |
| Flying Machine Bombs | 1 | |
14 total
» buildings
| Farm | 13 | |
| Lumber Mill | 3 | |
| Scout Tower | 22 | |
| Guard Tower | 16 | |
| Altar of Kings | 1 | |
| Arcane Vault | 1 | |
| Keep | 1 | |
| Blacksmith | 1 | |
| Castle | 1 | |
| Gryphon Aviary | 2 | |
| Town Hall | 1 | |
| Arcane Tower | 4 | |
| Workshop | 4 | |
70 total
» build order
00:31 Farm
00:41 Lumber Mill
00:57 Scout Tower
01:15 Scout Tower
01:33 Scout Tower
01:49 Guard Tower
01:53 Guard Tower
02:01 Scout Tower
02:10 Farm
02:20 Guard Tower
02:40 Guard Tower
02:57 Altar of Kings
03:04 Scout Tower
03:26 Farm
03:33 Scout Tower
03:35 Guard Tower
03:59 Arcane Vault
04:04 Scout Tower
04:05 Guard Tower
04:07 Farm
04:10 Farm
04:33 Guard Tower
04:37 Scout Tower
04:46 Farm
04:58 Keep
05:04 Farm
05:11 Farm
05:29 Guard Tower
05:44 Lumber Mill
06:10 Farm
06:17 Scout Tower
07:02 Guard Tower
07:06 Blacksmith
07:14 Scout Tower
07:21 Castle
07:26 Gryphon Aviary
07:31 Gryphon Aviary
07:54 Guard Tower
08:14 Farm
08:27 Farm
09:23 Farm
10:14 Farm
10:36 Lumber Mill
13:17 Town Hall
13:19 Scout Tower
13:47 Guard Tower
13:49 Scout Tower
14:20 Guard Tower
14:22 Scout Tower
14:51 Guard Tower
14:53 Scout Tower
15:15 Scout Tower
16:02 Guard Tower
16:16 Scout Tower
16:17 Scout Tower
16:20 Scout Tower
16:48 Arcane Tower
16:52 Arcane Tower
16:53 Scout Tower
16:55 Scout Tower
16:57 Scout Tower
17:26 Scout Tower
17:27 Guard Tower
17:29 Arcane Tower
17:33 Arcane Tower
18:05 Guard Tower
28:25 Workshop
28:27 Workshop
28:30 Workshop
30:52 Workshop
» items
| Scroll of Regeneration | 3 | |
| Circlet of Nobility | 1 | |
4 total
team 2 (loser)
biggiesmalls_ny (
yellow | 65 APM | 2282 actions | 34:50)
7 Mountain King
3 Storm Bolt
3 Bash
1 Avatar
7 Paladin
2 Holy Light
3 Devotion Aura
1 Resurrection
1 Divine Shield
» actions
| Assign group hotkey | 12 | |
| Basic commands | 208 | |
| Build / train | 61 | |
| Enter build submenu | 23 | |
| Enter hero's abilities submenu | 14 | |
| Give item / drop item | 2 | |
| Right click | 572 | |
| Select / deselect | 252 | |
| Select group hotkey | 1016 | |
| Use ability | 122 | |
2282 total
» units
» upgrades
| Lumber Harvesting | 2 | |
| Swords | 3 | |
| Armor | 1 | |
| Storm Hammers | 1 | |
| Animal War Training | 1 | |
| Masonry | 1 | |
9 total
» buildings
| Altar of Kings | 1 | |
| Farm | 10 | |
| Keep | 1 | |
| Scout Tower | 2 | |
| Arcane Vault | 1 | |
| Arcane Tower | 2 | |
| Lumber Mill | 1 | |
| Castle | 1 | |
| Gryphon Aviary | 4 | |
| Blacksmith | 1 | |
| Barracks | 1 | |
25 total
» build order
00:19 Altar of Kings
00:35 Farm
01:28 Keep
01:49 Scout Tower
01:52 Scout Tower
02:13 Arcane Vault
02:18 Arcane Tower
02:45 Arcane Tower
02:55 Farm
03:31 Lumber Mill
04:25 Castle
05:34 Gryphon Aviary
05:45 Gryphon Aviary
06:11 Farm
06:13 Farm
06:15 Farm
07:53 Farm
08:04 Blacksmith
10:11 Barracks
13:17 Farm
13:18 Farm
14:58 Gryphon Aviary
17:15 Gryphon Aviary
17:18 Farm
17:19 Farm
» items
| Lesser Clarity Potion | 11 | |
| Periapt of Vitality | 1 | |
| Boots of Speed | 1 | |
| Scroll of Regeneration | 2 | |
| Scroll of Town Portal | 2 | |
| Potion of Mana | 2 | |
19 total
RedCadillac (
blue | 67 APM | 2336 actions | 34:48)
7 Keeper of the Grove
3 Entangling Roots
3 Thorns Aura
1 Tranquility
» actions
| Assign group hotkey | 18 | |
| Basic commands | 20 | |
| Build / train | 113 | |
| Enter build submenu | 24 | |
| Enter hero's abilities submenu | 8 | |
| Remove unit from queue | 12 | |
| Right click | 1463 | |
| Select / deselect | 478 | |
| Select group hotkey | 28 | |
| Use ability | 172 | |
2336 total
» units
| Wisp | 24 | |
| Huntress | 4 | |
| Dryad | 2 | |
| Druid of the Claw | 3 | |
| Hippogryph | 9 | |
42 total
» upgrades
| Reinforced Hides | 3 | |
| Abolish Magic | 1 | |
| Druid of the Claw Training | 2 | |
| Mark of the Claw | 0 | |
| Strength of the Wild | 3 | |
9 total
» buildings
| Altar of Elders | 2 | |
| Moon Well | 11 | |
| Ancient of War | 1 | |
| Hunter's Hall | 1 | |
| Tree of Ages | 4 | |
| Ancient of Lore | 2 | |
| Ancient of Wonders | 1 | |
| Tree of Eternity | 3 | |
| Ancient of Wind | 2 | |
27 total
» build order
00:11 Altar of Elders
00:24 Moon Well
01:12 Ancient of War
01:23 Hunter's Hall
01:56 Moon Well
03:14 Tree of Ages
03:14 Tree of Ages
03:15 Tree of Ages
05:21 Moon Well
05:42 Moon Well
05:47 Ancient of Lore
05:49 Ancient of Lore
05:53 Ancient of Wonders
06:42 Tree of Eternity
06:43 Tree of Eternity
06:43 Tree of Eternity
10:25 Moon Well
10:29 Moon Well
14:04 Moon Well
14:07 Moon Well
14:12 Moon Well
16:44 Ancient of Wind
17:51 Ancient of Wind
22:05 Altar of Elders
24:02 Moon Well
24:06 Moon Well
» items
| Lesser Clarity Potion | 2 | |
| Staff of Preservation | 1 | |
| Scroll of Town Portal | 3 | |
| Anti-magic Potion | 1 | |
| Potion of Lesser Invulnerability | 1 | |
8 total
JEWHAUS (
teal | 69 APM | 2389 actions | 34:49)
7 Blademaster
3 Wind Walk
3 Critical Strike
1 Bladestorm
3 Shadow Hunter
2 Hex
1 Healing Wave
» actions
| Assign group hotkey | 12 | |
| Build / train | 94 | |
| ESC pressed | 1 | |
| Enter build submenu | 48 | |
| Enter hero's abilities submenu | 10 | |
| Give item / drop item | 2 | |
| Remove unit from queue | 1 | |
| Right click | 1583 | |
| Select / deselect | 347 | |
| Select group hotkey | 38 | |
| Use ability | 253 | |
2389 total
» units
| Peon | 17 | |
| Grunt | 11 | |
| Raider | 8 | |
| Spirit Walker | 4 | |
| Kodo Beast | 3 | |
43 total
» upgrades
| Melee Weapons | 2 | |
| Armor | 1 | |
| Ensnare | 1 | |
| Berserker Strength | 1 | |
| Pillage | 1 | |
6 total
» buildings
| Altar of Storms | 1 | |
| Orc Burrow | 8 | |
| Barracks | 2 | |
| Voodoo Lounge | 1 | |
| Stronghold | 3 | |
| War Mill | 1 | |
| Beastiary | 1 | |
| Spirit Lodge | 1 | |
| Great Hall | 1 | |
| Watch Tower | 26 | |
45 total
» build order
00:19 Altar of Storms
00:24 Orc Burrow
00:36 Barracks
01:38 Orc Burrow
01:59 Voodoo Lounge
02:51 Stronghold
02:52 Stronghold
02:52 Stronghold
03:46 War Mill
04:40 Orc Burrow
04:44 Orc Burrow
05:35 Beastiary
06:19 Spirit Lodge
07:29 Great Hall
09:38 Orc Burrow
09:39 Orc Burrow
09:43 Watch Tower
14:24 Watch Tower
15:59 Watch Tower
17:44 Watch Tower
17:45 Watch Tower
17:54 Orc Burrow
19:04 Watch Tower
20:26 Watch Tower
21:27 Watch Tower
21:30 Watch Tower
21:36 Watch Tower
21:37 Watch Tower
21:39 Watch Tower
21:41 Watch Tower
23:47 Watch Tower
23:49 Watch Tower
23:49 Watch Tower
23:51 Watch Tower
24:23 Watch Tower
24:25 Watch Tower
24:28 Watch Tower
24:31 Watch Tower
26:18 Watch Tower
28:08 Watch Tower
28:10 Watch Tower
28:18 Watch Tower
28:48 Barracks
28:51 Orc Burrow
30:00 Watch Tower
» items
| Healing Salve | 4 | |
| Circlet of Nobility | 1 | |
| Scroll of Town Portal | 6 | |
| Orb of Venom | 1 | |
12 total
lazarus33 (
green | 39 APM | 1328 actions | 33:40)
6 Mountain King
3 Storm Bolt
2 Bash
1 Avatar
» actions
| Build / train | 94 | |
| Enter build submenu | 28 | |
| Enter hero's abilities submenu | 6 | |
| Give item / drop item | 3 | |
| Remove unit from queue | 1 | |
| Right click | 814 | |
| Select / deselect | 324 | |
| Use ability | 58 | |
1328 total
» units
| Peasant | 46 | |
| Footman | 10 | |
| Gryphon Rider | 12 | |
| Knight | 1 | |
69 total
» upgrades
| Defend | 1 | |
| Lumber Harvesting | 1 | |
| Swords | 2 | |
| Masonry | 2 | |
| Storm Hammers | 1 | |
| Armor | 1 | |
8 total
» buildings
| Barracks | 2 | |
| Farm | 10 | |
| Altar of Kings | 1 | |
| Town Hall | 1 | |
| Keep | 1 | |
| Lumber Mill | 1 | |
| Scout Tower | 5 | |
| Blacksmith | 1 | |
| Guard Tower | 4 | |
| Arcane Vault | 1 | |
| Castle | 1 | |
| Gryphon Aviary | 3 | |
31 total
» build order
00:08 Barracks
00:11 Farm
00:14 Barracks
00:50 Altar of Kings
01:19 Farm
02:02 Farm
02:46 Farm
04:21 Town Hall
04:36 Keep
05:17 Farm
05:45 Lumber Mill
05:55 Scout Tower
06:07 Blacksmith
06:26 Scout Tower
06:56 Scout Tower
06:58 Guard Tower
07:25 Arcane Vault
07:30 Castle
08:05 Guard Tower
08:07 Farm
08:21 Gryphon Aviary
08:26 Gryphon Aviary
08:32 Gryphon Aviary
08:36 Scout Tower
08:56 Farm
09:14 Guard Tower
09:17 Scout Tower
10:14 Farm
10:57 Farm
11:50 Guard Tower
13:16 Farm
» items
| Scroll of Town Portal | 2 | |
| Orb of Fire | 1 | |
3 total
Chat log
(00:13 / Allies) SLEEPTRAINOWNED: this is awkward
(00:22 / Allies) eat.sleep.train: ?
(00:45 / Allies) SLEEPTRAINOWNED: relax i wont tk
(01:02 / Allies) eat.sleep.train: are you the dude who tkd me yesterday?
(01:06 / Allies) SLEEPTRAINOWNED: well
(01:11 / Allies) SLEEPTRAINOWNED: no but
(01:15 / Allies) SLEEPTRAINOWNED: i was his friend on other team lawl
(01:28 / Allies) eat.sleep.train: i knew you guys were working together
(01:35 / Allies) eat.sleep.train: next time
(01:37 / Allies) SLEEPTRAINOWNED: i mean the game was rigged from the start
(01:39 / Allies) eat.sleep.train: i intend to deny him all those expos
(01:47 / Allies) eat.sleep.train: i normally win games like that
(01:56 / Allies) eat.sleep.train: even with a bser
(02:09 / Allies) SLEEPTRAINOWNED: its hard to defend, we do it all the time. element of surprise
(02:21 / Allies) eat.sleep.train: now i recognize it though
(02:24 / Allies) eat.sleep.train: i wont let him expo next time
(02:41 / Allies) eat.sleep.train: besides
(02:43 / Allies) eat.sleep.train: if he wanted to bs
(02:48 / Allies) eat.sleep.train: he could have just said so from the start
(02:50 / Allies) eat.sleep.train: i would have quit
(02:52 / Allies) SLEEPTRAINOWNED: in ur defense, hes a dick even to me
(03:15 / All) SLEEPTRAINOWNED: truce yellow
(03:20 / All) biggiesmalls_ny: ok
(03:23 / All) JEWHAUS: LOL
(05:34 / Allies) eat.sleep.train: ty purp
(06:18 / All) SLEEPTRAINOWNED: blue mh?
(08:42 / Allies) Daddy_Needs_It: pink
(08:46 / Allies) eat.sleep.train: ?
(08:59 / All) JEWHAUS: how much is wow a month if you pay with credit card
(09:09 / All) JEWHAUS: and how much is it if you buy prepaid card
(10:00 / All) SLEEPTRAINOWNED: relax green its just a bloodmage
(13:47 / Allies) eat.sleep.train: omw purp
(14:19 / All) biggiesmalls_ny: GG
(14:43 / Allies) eat.sleep.train: 3 here
(18:21 / Allies) eat.sleep.train: b'
(19:44 / All) biggiesmalls_ny: u done orange u noob
(20:54 / Allies) eat.sleep.train: no purp
(20:55 / Allies) eat.sleep.train: let it fall
(20:56 / Allies) SLEEPTRAINOWNED: umm tp?
(20:59 / Allies) eat.sleep.train: ealkve y base
(21:00 / Allies) eat.sleep.train: no
(21:46 / Allies) eat.sleep.train: i killed yellow'smain
(21:52 / Allies) SLEEPTRAINOWNED: i got greens
(22:42 / Allies) SLEEPTRAINOWNED: teal main down
(23:01 / Allies) SLEEPTRAINOWNED: we may win
(23:02 / Allies) SLEEPTRAINOWNED: lawl
(23:03 / Allies) SLEEPTRAINOWNED: i only got a hero
(23:31 / Allies) SLEEPTRAINOWNED: whend o we tp
(23:53 / Allies) eat.sleep.train: we save either you or oj
(24:02 / Allies) SLEEPTRAINOWNED: lalw
(24:04 / Allies) SLEEPTRAINOWNED: ignor eteal expo
(24:21 / Allies) SLEEPTRAINOWNED: my sorc will help big time
(25:09 / Allies) SLEEPTRAINOWNED: decide now
(25:11 / Allies) SLEEPTRAINOWNED: when do we tp
(25:28 / Allies) SLEEPTRAINOWNED: k we tp at oj
(25:41 / All) SLEEPTRAINOWNED: ignore my base
(25:49 / Allies) eat.sleep.train: fick its over
(25:50 / Allies) eat.sleep.train: ;lol
(26:04 / All) JEWHAUS: GG
(26:09 / Allies) SLEEPTRAINOWNED: wtf
(26:18 / Allies) SLEEPTRAINOWNED: i told u guys to ignore teals exo
(26:53 / Allies) eat.sleep.train: its fine
(26:55 / Allies) eat.sleep.train: we should win with oj
(28:41 / Allies) SLEEPTRAINOWNED: use my sorc
(28:43 / Allies) SLEEPTRAINOWNED: move together
(28:45 / Allies) SLEEPTRAINOWNED: we cant stay stationary
(28:52 / Allies) Daddy_Needs_It: someone control them
(28:58 / Allies) eat.sleep.train: we need oj to stay with us
(29:00 / Allies) eat.sleep.train: without his gryphos
(29:01 / Allies) eat.sleep.train: we lose
(29:25 / Allies) SLEEPTRAINOWNED: use my sorc im too lazy they are on follow lawl
(29:54 / Allies) Mika_kun: 2 gryophs
(30:30 / Allies) SLEEPTRAINOWNED: thx
(30:56 / All) SLEEPTRAINOWNED: odd game
(32:11 / All) RedCadillac: he wont fight
(32:26 / All) SLEEPTRAINOWNED: FINISH GRIIFS OJ
(33:32 / Allies) eat.sleep.train: kill mj
(33:38 / Allies) eat.sleep.train: yellow mk
(33:39 / Allies) eat.sleep.train: kill him
(33:42 / All) SLEEPTRAINOWNED: pally
(33:43 / Allies) eat.sleep.train: get pally
(34:08 / All) SLEEPTRAINOWNED: we won
(34:09 / All) SLEEPTRAINOWNED: rofl
(34:22 / All) RedCadillac: green thru game
(34:23 / All) JEWHAUS: took you guys long enough
(34:25 / Allies) eat.sleep.train: get mk
(34:30 / All) SLEEPTRAINOWNED: i only got one hero lawl
(34:32 / All) SLEEPTRAINOWNED: dude
(34:34 / All) SLEEPTRAINOWNED: just one hero
(34:42 / All) biggiesmalls_ny: gg
(34:47 / All) eat.sleep.train: gg